 Dungeon Crawl Stone Soup version 0.30.1-4-g462c640d31 (webtiles) character file.

Game seed: 10265706973910609455

128 arthad the Chopper (level 4, -1/35 HPs)
             Began as a Demonspawn Gladiator on Aug 18, 2023.
             Slain by Terence
             ... wielding a +0 flail
              (8 damage)
             ... on level 3 of the Dungeon.
             The game lasted 00:03:25 (2280 turns).

arthad the Chopper (Demonspawn Gladiator)           Turns: 2280, Time: 00:03:26

Health: -1/35      AC:  3    Str: 16    XL:     4   Next: 87%
Magic:  4/4        EV: 12    Int:  9    God:
Gold:   119        SH:  0    Dex: 15    Spells: 3/3 levels left

rFire   . . .        a - +0 war axe
rCold   . . .        (no shield)
rNeg    . . .        b - +0 leather armour
rPois   .            (helmet restricted)
rElec   .            p - scarf {+Inv}
rCorr   .            (no gloves)
SInv    .            (no boots)
Will    .....        (no amulet)
Stlth   +            (no ring)
HPRegen 0.25/turn    (no ring)
MPRegen 0.09/turn

%: no passive effects
@: no status effects
A: antennae 1, claws 1, demonic guardian 1
a: Evoke Invisibility


You were on level 3 of the Dungeon.
You visited 1 branch of the dungeon, and saw 3 of its levels.

You collected 119 gold pieces.

Inventory:

Hand Weapons
 a - a +0 war axe (weapon)
Missiles
 d - 3 throwing nets (quivered)
 e - a javelin
 f - 4 datura-tipped darts
 i - 5 poisoned darts
Armour
 b - a +0 leather armour (worn)
 c - a +0 helmet
 p - a scarf of invisibility (worn)
Magical Staves
 s - a staff of fire
Jewellery
 l - a ring of see invisible
Scrolls
 k - a scroll of immolation
 m - a scroll of acquirement {unknown}
 n - a scroll of vulnerability {unknown}
 o - 2 scrolls of blinking
 q - 3 scrolls of fear {unknown}
 r - 2 scrolls of identify {unknown}
Potions
 g - a potion of brilliance {unknown}
 h - a potion of curing
 j - a potion of flight {unknown}
 t - a potion of haste {unknown}
 u - a potion of lignification {unknown}


   Skills:
 * Level 3.0 Fighting
 * Level 3.5 Axes
 + Level 2.3 Throwing
 + Level 1.2 Armour
 + Level 3.1 Dodging
 + Level 0.6 Evocations


You had 3 spell levels left.
You didn't know any spells.
Your spell library contained the following spells:

 Spells                   Type           Power      Damage    Failure   Level
 Freeze                   Ice            0%         1d3       45%         1
 Frozen Ramparts          Ice            0%         1d1       83%         3
 Hailstorm                Conj/Ice       0%         3d3       83%         3


Dungeon Overview and Level Annotations

Branches:
Dungeon (3/15)

Altars:
Ashenzari

Annotations:
D:3 Terence


Innate Abilities, Weirdness & Mutations

You have a pair of small antennae on your head.
You have sharp fingernails.
A weak demonic guardian rushes to your aid.


Message History

The orc barely misses you.
You slash the orc!
You kill the orc!
You slash the orc!
You kill the orc!
The orc hits you with a +0 flail.
You slash the orc!
You kill the orc!
You closely miss the orc. The orc hits you but does no damage.
You slash the orc!
You kill the orc!
Terence misses you.
You hit Terence but do no damage. Terence barely misses you.
You hit Terence but do no damage. Terence hits you with a +0 flail!
You are too injured to fight recklessly!
You are too injured to fight recklessly!
You are too injured to fight recklessly!
You are too injured to fight recklessly!
You are too injured to fight recklessly!
You are too injured to fight recklessly!
You are too injured to fight recklessly!
You are too injured to fight recklessly!
You are too injured to fight recklessly!
You are too injured to fight recklessly!
You are too injured to fight recklessly!
You are too injured to fight recklessly!
You hit Terence but do no damage. Terence hits you with a +0 flail!
* * * LOW HITPOINT WARNING * * *
A demonic guardian appears!
Terence hits you with a +0 flail.
* * * LOW HITPOINT WARNING * * *
You barely miss Terence.
Your quasit bites Terence but does no damage.
Your quasit claws Terence but does no damage. x2
Terence hits your quasit with a +0 flail.
It was a potion of curing.
You feel better.
Your quasit barely misses Terence.
Your quasit closely misses Terence.
Your quasit claws Terence but does no damage.
Terence says, "Time to say good-bye..."
Terence hits you with a +0 flail!
You die...

#.......#
###############.......#
......................#
###...###..####.......#
.....##.).## #.......#
.##..##.### ####.####
..†.....# ##..#
.......## #..##
#......# #@## #......#
#@# #####.... 5.. ....#
..... ...## ....... .##
.#....... ...........
####.........


You could see Terence (ally target) and a friendly quasit (summoned).

Vanquished Creatures
  Jessica (D:2)
  2 adders
  2 worms
  3 dart slugs
  8 orcs (D:3)
  2 ball pythons (D:1)
  5 bats
  2 endoplasms
  7 goblins
  4 hobgoblins
  3 quokkas (D:1)
  2 frilled lizards
  4 kobolds
  5 rats
50 creatures vanquished.

Vanquished Creatures (collateral kills)
  An adder (D:2)
  A worm (D:2)
2 creatures vanquished.

Grand Total: 52 creatures vanquished

Notes
Turn   | Place    | Note
-------+----------+-------------------------------------------
     0 | D:1      | arthad the Demonspawn Gladiator began the quest for the
                  | Orb.
     0 | D:1      | Reached XP level 1. HP: 16/16 MP: 1/1
   179 | D:1      | Discovered your monstrous ancestry.
   179 | D:1      | Gained mutation: You have a pair of small antennae on your
                  | head. [demonic ancestry]
   179 | D:1      | Reached XP level 2. HP: 22/22 MP: 2/2
  1321 | D:2      | Gained mutation: A weak demonic guardian rushes to your
                  | aid. [demonic ancestry]
  1321 | D:2      | Reached XP level 3. HP: 28/28 MP: 3/3
  1431 | D:2      | Found a broken altar of Ashenzari.
  1663 | D:2      | Noticed Jessica
  1672 | D:2      | Killed Jessica
  1673 | D:2      | Gained mutation: You have sharp fingernails. [demonic
                  | ancestry]
  1673 | D:2      | Reached XP level 4. HP: 20/34 MP: 4/4
  1961 | D:3      | Reached skill level 1 in Armour
  2260 | D:3      | Noticed Terence
  2278 | D:3      | HP: 1/35 [Terence/+0 flail (4)]
  2280 | D:3      | Slain by Terence

Illustrated notes

Levels and vault maps discovered:
D:1:      enne_arrival_octagon_isle, layout_loops_corners, serial_forest,
          infiniplex_forest_clump_large, infiniplex_forest_pool,
          infiniplex_forest_straight_2, infiniplex_forest_lined_room_3,
          infiniplex_forest_clump_small, infiniplex_forest_lined_3,
          infiniplex_forest_lined_room_, infiniplex_forest_straight_3,
          columned_hall_lemuel, minmay_cupped
D:2:      layout_loops_cross, basic_altar, minmay_misc_feat_square, uniq_jessica
D:3:      layout_rooms, okawaru_metal_pillars_1_2, nicolae_tso_carved_into_rock,
          mainiacjoe_overflow_surrounded_room, grunt_ministairs_6, uniq_terence

Skill      XL: |  1  2  3  4 |
---------------+-------------+-----
Throwing       | 2 |  2.3
Axes           | 3 |  3.5
Dodging        | 3 |  3.1
Armour         | 1 |  1.2
Fighting       | 3 |  3.0
Evocations     | |  0.6

Action                     |  1- 3 |  4- 6 || total
---------------------------+-------+-------++-------
  Melee: War axe           |   256 |    50 ||   306
         Punch             |     5 |       ||     5
    Use: Scroll            |     3 |       ||     3
         Potion            |       |     1 ||     1
 Armour: Leather armour    |    29 |     7 ||    36
  Dodge: Dodged            |    64 |    23 ||    87
